 Dungeon Crawl Stone Soup version 0.19.4-8-ga85b6b9 (webtiles) character file.

250 Chiseanne the Skirmisher (level 5, 0/43 HPs)
             Began as a Demonspawn Wanderer on Feb 12, 2017.
             Slain by Edmund
             ... wielding a +0 flail of holy wrath
              (3 damage)
             ... on level 4 of the Dungeon.
             The game lasted 00:11:05 (3071 turns).

Chiseanne the Skirmisher (Demonspawn Wanderer)      Turns: 3071, Time: 00:11:06

Health: 0/43       AC: 13    Str: 13    XL:     5   Next: 88%
Magic:  5/5        EV: 17    Int: 11    God:
Gold:   93         SH:  0    Dex: 20    Spells: 0 memorised, 4 levels left

rFire  + + .     SeeInvis .     a - +2 whip (pain)
rCold  . . .     Gourm    .     K - +4 ring mail
rNeg   . . .     Faith    .     (no shield)
rPois  .         Spirit   .     k - +0 helmet
rElec  .         Reflect  .     (no cloak)
rCorr  .         Harm     +     q - +1 pair of gloves
MR     .....                    (no boots)
Stlth  ++........               y - amulet of harm
                                i - ring of protection from fire
                                G - ring of protection from fire

@: agile
A: hooves 1, high mp 1, powered by death 2
a: no special abilities


You were on level 4 of the Dungeon.
You were hungry.

You visited 1 branch of the dungeon, and saw 4 of its levels.

You collected 93 gold pieces.

Inventory:

Hand Weapons
 a - a +2 whip of pain (weapon)
 w - a +2 shortbow
Missiles
 b - 75 arrows
 e - 127 stones (quivered)
 u - 32 sling bullets
 A - 18 bolts
 J - 15 poisoned needles
Armour
 k - a +0 helmet (worn)
 q - a +1 pair of gloves (worn)
 F - a +0 shield
 K - a +4 ring mail (worn)
Jewellery
 i - a ring of protection from fire (right hand)
 y - an amulet of harm (around neck)
 z - a cursed amulet of inaccuracy {unknown}
 G - a ring of protection from fire (left hand)
Scrolls
 o - 2 scrolls of teleportation
 p - a scroll of enchant armour
 r - 2 scrolls of amnesia
 t - 2 scrolls of remove curse
 v - 2 scrolls of blinking
 I - a scroll of enchant weapon
Potions
 n - a potion of ambrosia
 C - a potion of resistance {unknown}
 H - a potion of flight {unknown}
Comestibles
 f - 4 bread rations
 D - 2 meat rations


   Skills:
 * Level 4.6 Fighting
 - Level 1.0 Bows
 - Level 1.0 Throwing
 * Level 4.6 Armour
 * Level 2.9 Dodging
 - Level 1.0 Stealth


You had 4 spell levels left.
You didn't know any spells.

Dungeon Overview and Level Annotations

Branches:
Dungeon (4/15)
 Temple: D:4-7

Altars:
Fedhas

Annotations:
D:2 exclusion: oklob plant
D:4 Edmund


Innate Abilities, Weirdness & Mutations

You have large cloven feet.
You regenerate health from kills.
You have an increased reservoir of magic. (+10% MP)


Message History

Edmund hits you with a flail of holy wrath!
* * * LOW HITPOINT WARNING * * *
You convulse.
* * * LOW HITPOINT WARNING * * *
You flicker back into view.
It was a potion of magic.
Magic courses through your body.
It was a potion of mutation.
You feel extremely strange.
You feel more energetic.
You feel robust.
You feel less in control of your magic. Edmund hits you but does no damage.
It was a potion of cure mutation.
It has a very clean taste.
You regain control of your magic.
You feel frail. Edmund closely misses you.
It was a potion of cancellation.
You feel magically purged.
Your magical contamination has completely faded away.
Edmund barely misses you.
It was a potion of agility.
You feel agile all of a sudden.
Edmund hits you with a flail of holy wrath.
You die...

....# #...(## #.....# #...#
#..?..# #.....# #...# #...#.#
#.....#
##...+.......#.###.....#
.#...####....#..##.....#
.............##?##.....#
............# #.##.....#
#.!.#.####..###@##.#.#.#######
#...............@........)....
#.....###..#####.#.###..#####.
#.....#.#..####..#........<...
......................####.##.
##.#.####..####.......# #
...#...............##.#
..<........##......#....
.#.##......##.##..>#..###
.#.##..............#...


You could see Edmund.

Vanquished Creatures
  A bullfrog zombie (D:3)
  An orc priest (D:3)
  Robin (D:2)
  A gnoll (D:1)
  A howler monkey skeleton (D:4)
  A river rat (D:3)
  4 adders
  An ooze (D:1)
  3 worms
  A dart slug (D:1)
  3 leopard geckos
  2 orcs (D:3)
  11 bats
  3 giant cockroaches
  11 hobgoblins
  4 jackals (D:2)
  8 kobolds
  2 quokkas
  3 ball pythons (D:3)
  4 frilled lizards
  15 goblins
  A leopard gecko skeleton (D:4)
  13 rats
95 creatures vanquished.

Notes
Turn   | Place    | Note
-------+----------+-------------------------------------------
     0 | D:1      | Chiseanne the Demonspawn Wanderer began the quest for the Orb.
     0 | D:1      | Chiseanne set off with: a +2 shortbow, 24 arrows, a +0 ring mail, a potion of curing, a bread ration
     0 | D:1      | Reached XP level 1. HP: 18/18 MP: 1/1
    89 | D:1      | Gained mutation: You regenerate a little health from kills. [demonic ancestry]
    89 | D:1      | Reached XP level 2. HP: 23/24 MP: 2/2
    90 | D:1      | Reached skill level 1 in Dodging
   223 | D:1      | Gained mutation: You have large cloven feet. [demonic ancestry]
   223 | D:1      | Reached XP level 3. HP: 29/29 MP: 3/3
   904 | D:2      | Noticed Robin
   930 | D:2      | Killed Robin
  1014 | D:2      | Reached XP level 4. HP: 36/36 MP: 4/4
  1396 | D:2      | Found a blossoming altar of Fedhas.
  1413 | D:2      | Noticed an oklob plant
  2188 | D:3      | Gained mutation: You regenerate health from kills. [demonic ancestry]
  2188 | D:3      | Reached XP level 5. HP: 42/42 MP: 5/5
  3020 | D:4      | Noticed Edmund
  3063 | D:4      | HP: 2/43 [Edmund/flail of holy wrath (1)]
  3068 | D:4      | Gained mutation: You have an increased reservoir of magic. (+10% MP) [potion of mutation]
  3068 | D:4      | Gained mutation: You are robust. (+10% HP) [potion of mutation]
  3068 | D:4      | Gained mutation: Your spells are a little harder to cast, but a little more powerful. [potion of mutation]
  3069 | D:4      | Lost mutation: Your spells are a little harder to cast, but a little more powerful. [potion of cure mutation]
  3069 | D:4      | Lost mutation: You are robust. (+10% HP) [potion of cure mutation]
  3071 | D:4      | Slain by Edmund

Skill      XL: |  1  2  3  4 |
---------------+-------------+-----
Dodging        | 1 2 |  2.9
Armour         | 4 |  4.6
Fighting       | 4 |  4.6
Bows           | |  1.0
Throwing       | |  1.0
Stealth        | |  1.0

Action                   |  1- 3 |  4- 6 || total
-------------------------+-------+-------++-------
Melee: Whip              |       |    27 ||    27
       Kick              |       |     9 ||     9
 Fire: Shortbow          |    83 |   198 ||   281
  Use: Scroll            |     9 |     5 ||    14
       Potion            |       |     8 ||     8
 Stab: Invisible         |       |     1 ||     1
  Eat: Chunk             |       |     6 ||     6
Armor: Ring mail         |    17 |    68 ||    85
Dodge: Dodged            |    18 |    71 ||    89
